 Dungeon Crawl Stone Soup version 0.29.1-1-gd02db6906a (webtiles) character file.

Game seed: 844776526697068404

46 fireball365 the Digger (level 3, -2/27 HPs)
             Began as a Demigod Earth Elementalist on Oct 5, 2022.
             Slain by Sigmund
             ... wielding a +0 scythe
              (8 damage)
             ... on level 2 of the Dungeon.
             The game lasted 00:05:06 (1003 turns).

fireball365 the Digger (Demigod Earth Elementalist) Turns: 1003, Time: 00:05:06

Health: -2/27      AC:  5    Str: 13    XL:     3   Next: 27%
Magic:  5/8        EV: 11    Int: 17    God:
Gold:   65         SH:  0    Dex: 14    Spells: 5/6 levels left

rFire   . . .      SeeInvis .   o - +0 mace (vorpal)
rCold   . . .      Faith    .   (no shield)
rNeg    . . .      Spirit   .   i - +0 ring mail
rPois   .          Reflect  .   (no helmet)
rElec   .          Harm     .   (no cloak)
rCorr   .          Rampage  .   (no gloves)
Will    .....                   (no boots)
Stlth   +.........              (no amulet)
HPRegen 0.09/turn               (no ring)
MPRegen 0.11/turn               (no ring)

@: no status effects
A: high MP 1, forlorn, divine attributes
a: no special abilities


You were on level 2 of the Dungeon.
You visited 1 branch of the dungeon, and saw 2 of its levels.

You collected 65 gold pieces.

Inventory:

Hand Weapons
 d - a +0 mace
 j - a +0 mace
 o - a +0 vorpal mace (weapon)
Missiles
 g - 5 large rocks
 h - 13 stones
 k - 3 poisoned darts
Armour
 a - a +0 robe
 i - a +0 ring mail (worn)
 l - a +0 leather armour
 q - a +0 ring mail
Magical Staves
 f - a staff of poison
Scrolls
 c - 2 scrolls of magic mapping {unknown}
 e - a scroll of identify {unknown}
 m - a scroll of vulnerability {unknown}
Potions
 b - a potion of magic
 n - a potion of flight {unknown}
 p - a potion of might {unknown}


   Skills:
 + Level 0.7 Fighting
 + Level 2.1 Dodging
 + Level 1.8 Stealth
 + Level 2.2 Spellcasting
 + Level 0.8 Transmutations
 + Level 3.4 Earth Magic


You had 5 spell levels left.
You knew the following spells:

 Your Spells              Type           Power      Damage    Failure   Level
a - Sandblast             Erth           26%        2d8       11%         1

Your spell library contained the following spells:

 Spells                   Type           Power      Damage    Failure   Level
 Passwall                 Tmut/Erth      7%         N/A       26%         2
 Stone Arrow              Conj/Erth      14%        3d7       52%         3
 Petrify                  Tmut/Erth      9%         N/A       86%         4


Dungeon Overview and Level Annotations

Branches:
Dungeon (2/15)

Annotations:
D:2 Sigmund


Innate Abilities, Weirdness & Mutations

You have an increased reservoir of magic. (+10% MP)
You shall have no god before yourself.
Your divine heritage dramatically boosts your attributes as you level up.


Message History

You kill the goblin!
You can't see any susceptible monsters within range! (Use Z to cast anyway.)
Found a scroll labelled QANEAXYUSKO.
Found a white marble altar of Elyvilon.
c - 2 scrolls labelled QANEAXYUSKO (gained 1)
There is a white marble altar of Elyvilon here.
Found a ring mail.
You see here a +0 ring mail.
q - a +0 ring mail
Found an escape hatch in the ceiling.
Found 8 gold pieces.
Sigmund the Dreaded comes into view.
He is wielding a +0 scythe.
Sigmund shouts!
You hear an angry hiss.
An adder comes into view.
You can't see any susceptible monsters within range! (Use Z to cast anyway.) Sigmund screams, "I am the angel of ZOT!!!"
The blast of sand hits Sigmund but does no damage.
You miscast Sandblast.
You are very lightly contaminated with residual magic.
Nothing appears to happen.
The blast of sand hits the adder!
The adder is almost dead.
The adder bites you but does no damage.
Sigmund gestures wildly while chanting.
Sigmund flickers and vanishes!
Deactivating autopickup; reactivate with Ctrl-A.
The adder closely misses you. Something hits you but does no damage.
The blast of sand hits the adder.
You kill the adder!
Something hits you!
You can't see any susceptible monsters within range! (Use Z to cast anyway.)
Something hits you but does no damage.
You closely miss something. Something completely misses you.
Your magical contamination has completely faded away.
Something hits you but does no damage.
You hit something. Something hits you!
You closely miss something. Something hits you.
* * * LOW HITPOINT WARNING * * *
You closely miss something. Something hits you!
You die...

#...##....#### #.#
######## ..# #....# #.# .#
##....# #.#
###.###############.####
..†.# ##.....#.....##
##.......##.............##
....####................<#
##..# ................#
..# #.....{@........# ..#
#...............# ...
#...............# ###
#.......$^......#
##.............##
##.....#.....##
#############


There were no monsters in sight!

Vanquished Creatures
  2 adders (D:2)
  4 bats
  3 endoplasms
  A giant cockroach (D:2)
  4 goblins
  5 hobgoblins
  2 frilled lizards (D:1)
  2 kobolds
  3 rats
26 creatures vanquished.

Notes
Turn   | Place    | Note
-------+----------+-------------------------------------------
     0 | D:1      | fireball365 the Demigod Earth Elementalist began the quest
                  | for the Orb.
     0 | D:1      | Reached XP level 1. HP: 14/14 MP: 5/5
   109 | D:1      | Reached XP level 2. HP: 18/20 MP: 1/7
   179 | D:1      | Reached skill level 3 in Earth Magic
   232 | D:1      | HP: 1/20 [kobold/+0 whip (4)]
   539 | D:1      | You fall into a shaft and drop 1 floor!
   816 | D:2      | Reached XP level 3. HP: 17/26 MP: 8/8
   989 | D:2      | Noticed Sigmund
  1003 | D:2      | Slain by Sigmund

Illustrated notes

Levels and vault maps discovered:
D:1:      dpeg_arrival_tiny_g, layout_rooms,
          hellmonk_ecumenical_altar_leap_of_faith
D:2:      layout_rooms, basic_altar, grunt_ministairs_11, minmay_tetromino_i2,
          uniq_sigmund

Skill      XL: |  1  2 |
---------------+-------+-----
Dodging        | 2 |  2.1
Spellcasting   | 2 |  2.2
Earth Magic    | 3 |  3.4
Fighting       | |  0.7
Stealth        | |  1.8
Transmutations | |  0.8

Action                   || total
-------------------------++-------
Melee: Mace              ||    15
       Punch             ||     1
 Cast: Sandblast         ||    39
Armor: Robe              ||     7
       Ring mail         ||    12
Dodge: Dodged            ||    29
